 Dungeon Crawl Stone Soup version 0.29-a0-817-g9904bce7a6 (webtiles) character file.

Game seed: 9350514363987912055

12 pericles the Magician (level 2, -6/29 HPs)
             Began as a Gnoll Wanderer on July 5, 2022.
             Killed by an exploding quokka (23 damage)
             ... ignited by their inner flame
             ... on level 1 of the Dungeon.
             The game lasted 00:04:37 (467 turns).

pericles the Magician (Gnoll Wanderer)               Turns: 467, Time: 00:04:38

Health: -6/29      AC:  3    Str: 12    XL:     2   Next: 33%
Magic:  10/10      EV: 10    Int:  9    God:
Gold:   30         SH:  7    Dex: 12    Spells: 14/15 levels left

rFire   . . .      SeeInvis .   a - +0 club
rCold   . . .      Faith    .   e - +2 buckler
rNeg    . . .      Spirit   .   d - +0 leather armour
rPois   .          Reflect  .   (no helmet)
rElec   .          Harm     .   (no cloak)
rCorr   .          Rampage  .   (no gloves)
Will    .....                   (no boots)
Stlth   +.........              (no amulet)
HPRegen 0.09/turn               (no ring)
MPRegen 0.12/turn               (no ring)

@: no status effects
A: fangs 1, strong nose, distributed training
a: no special abilities


You were on level 1 of the Dungeon.
You visited 1 branch of the dungeon, and saw 1 of its levels.

You collected 30 gold pieces.

Inventory:

Hand Weapons
 a - a +0 club (weapon)
 h - a +0 whip
Missiles
 f - 5 stones
Armour
 d - a +0 leather armour (worn)
 e - a +2 buckler (worn)
Scrolls
 c - a scroll of fear
 g - a scroll of immolation
 i - a scroll of fog {unknown}
 j - a scroll of noise {unknown}
 k - 3 scrolls of identify
 l - a scroll of acquirement {unknown}


   Skills:
 + Level 6.5 Fighting
 + Level 0.4 Short Blades
 + Level 0.4 Long Blades
 + Level 0.4 Axes
 + Level 0.4 Maces & Flails
 + Level 0.4 Polearms
 + Level 0.4 Staves
 + Level 0.4 Ranged Weapons
 + Level 0.4 Throwing
 + Level 2.5 Armour
 + Level 0.4 Dodging
 + Level 0.4 Stealth
 + Level 6.5 Shields
 + Level 0.4 Unarmed Combat
 + Level 7.1 Spellcasting
 + Level 0.2 Conjurations
 + Level 0.2 Hexes
 + Level 0.2 Summonings
 + Level 0.2 Necromancy
 + Level 0.2 Translocations
 + Level 0.2 Transmutations
 + Level 0.2 Fire Magic
 + Level 0.2 Ice Magic
 + Level 0.2 Air Magic
 + Level 0.2 Earth Magic
 + Level 0.2 Poison Magic
 + Level 0.5 Invocations
 + Level 0.4 Evocations


You had 14 spell levels left.
You knew the following spells:

 Your Spells              Type           Power      Damage    Failure   Level
a - Sandblast             Erth           6%         2d5       28%         1

Your spell library contained the following spells:

 Spells                   Type           Power      Damage    Failure   Level
 Stone Arrow              Conj/Erth      6%         3d7       65%         3


Dungeon Overview and Level Annotations

Branches:
Dungeon (1/15)

Altars:

Shops:
D:1 !


Innate Abilities, Weirdness & Mutations

You have very sharp teeth.
Your uncanny sense of smell can sniff out nearby items.
Your experience applies equally to all skills.


Message History

The bat hits you but does no damage.
You barely miss the giant cockroach.
The giant cockroach is severely wounded.
You block the bat's attack. You block the quokka's attack.
The giant cockroach bites you but does no damage.
The quokka bites you but does no damage.
You closely miss the giant cockroach. Your bite misses the giant cockroach.
The giant cockroach is severely wounded.
You block the bat's attack. The giant cockroach barely misses you.
The quokka bites you. The giant cockroach misses you.
You hit the giant cockroach.
You kill the giant cockroach!
You block the bat's attack. You block the quokka's attack.
The quokka barely misses you. The quokka attacks as you move away!
You block the quokka's attack. The bat hits you but does no damage.
The quokka twitches its whiskers.
The bat attacks as you move away! The bat misses you.
The bat hits you but does no damage.
You barely miss the bat. You block the bat's attack.
The bat closely misses you. The bat hits you but does no damage.
The quokka bites you but does no damage.
You hit the quokka.
The quokka is heavily wounded.
You block the bat's attack. The quokka bites you.
* * * LOW HITPOINT WARNING * * *
Unknown command.
You feel better. The bat hits you but does no damage. The quokka misses you.
The quokka bites you.
As you read the scroll of immolation, it crumbles to dust.
The creatures around you are filled with an inner flame!
You block the bat's attack. The quokka bites you.
You closely miss the quokka. Your bite misses the quokka.
The quokka is heavily wounded.
The bat barely misses you. You block the quokka's attack.
You hit the quokka.
The quokka explodes!
The fiery explosion engulfs the bat!!
The fiery explosion engulfs you!!
Ouch! That really hurt!
You die...

#......# #.# #..#
#......###.###..#
##...............#
..........#......###
##...###..#.##.....#
#...# #....##.....#
##...###...........#
...................#.###
................@§......
.##.##.###..####.#......
###.##.# #... #§#......
#.# .# #.#............
#.. ..#......#..#.# #.#
##....###.... ...
...##.# ♣♣♣. ..#. #.#
...# #[.


There were no monsters in sight!

Vanquished Creatures
  A dart slug (D:1)
  An endoplasm (D:1)
  2 giant cockroaches (D:1)
  2 jackals (D:1)
  A kobold (D:1)
  A quokka (D:1)
  2 bats (D:1)
  A frilled lizard (D:1)
11 creatures vanquished.

Notes
Turn   | Place    | Note
-------+----------+-------------------------------------------
     0 | D:1      | pericles the Gnoll Wanderer began the quest for the Orb.
     0 | D:1      | pericles set off with the following items: a +0 club, a
                  | potion of curing, a scroll of fear, a +0 leather armour, a
                  | +2 buckler; and the following spell memorised: Sandblast;
                  | and the following spells available to memorise: Stone
                  | Arrow.
     0 | D:1      | Reached XP level 1. HP: 23/23 MP: 8/8
   250 | D:1      | Reached XP level 2. HP: 27/29 MP: 10/10
   261 | D:1      | Found Myisedgh's Distillery.
   467 | D:1      | Killed by an exploding quokka... ignited by their inner
                  | flame

Illustrated notes

Levels and vault maps discovered:
D:1:      co_arrival_square_in_a_square_in_a_square, layout_basic, serial_shops,
          nicolae_shop_hallway_stairs, shapermc_ecumenical_altar_totnotflames,
          dreamdust_mushroom_princess, minmay_statues_item, minmay_fountain_box

Action                   || total
-------------------------++-------
Melee: Club              ||    56
       Bite              ||     5
 Cast: Sandblast         ||     1
  Use: Scroll            ||     2
       Potion            ||     1
Armor: Leather armour    ||    34
Dodge: Dodged            ||    53
Block: Buckler           ||    48

Table legend: (Time is in decaauts)
 A = Elapsed time spent in this place.
 B = Non-inter-level travel time spent in this place.
 C = Inter-level travel time spent in this place.
 D = Time resting spent in this place.
 E = Time spent auto-exploring this place.
 F = Levels seen in this place.
 G = Mean time per level.
                   A        B        C        D        E       F      G
               +--------+--------+--------+--------+--------+-----+--------+
         Total |    487 |    487 |      0 |    200 |     21 |   1 |  487.0 |
       Dungeon |    487 |    487 |      0 |    200 |     21 |   1 |  487.0 |
               +--------+--------+--------+--------+--------+-----+--------+

Top non-repeatable levels by time:
     D:1: 487 daAuts
